 Dungeon Crawl Stone Soup version 0.26-a0-163-g6c8a0bf695 (webtiles) character file.

Game seed: 10766244859045554249

1358 Bikalo the Fighter (level 8, -14/82 HPs)
             Began as a Kobold Berserker on July 3, 2020.
             Was a Priest of Trog.
             Demolished by an ogre
             ... wielding a +0 giant club
              (17 damage)
             ... on level 5 of the Dungeon.
             The game lasted 00:10:42 (5907 turns).

Bikalo the Fighter (Kobold Berserker)               Turns: 5907, Time: 00:10:43

Health: -14/82     AC: -2    Str: 14    XL:     8   Next: 96%
Magic:  8/8        EV: 22    Int:  8    God:    Trog [***...]
Gold:   133        SH:  5    Dex: 17    Spells: 7/7 levels left

rFire    . . .     SeeInvis .   k - +1 dagger (drain)
rCold    . . .     Faith    .   (shield restricted)
rNeg     . . .     Spirit   .   n - +0 leather armour
rPois    .         Reflect  +   (no helmet)
rElec    .         Harm     .   f - +1 cloak
rCorr    .                      (no gloves)
MR       .....                  (no boots)
Stlth    ..........             g - amulet of reflection
HPRegen  0.23/turn              i - +4 ring of evasion
MPRegen  0.11/turn              (no ring)

@: berserking, corroded, very quick
A: small, carnivore
a: Berserk, Trog's Hand, Renounce Religion


You were on level 5 of the Dungeon.
You worshipped Trog.
Trog was most pleased with you.
You were very full.

You visited 1 branch of the dungeon, and saw 6 of its levels.

You collected 169 gold pieces.
You spent 36 gold pieces at shops.

Inventory:

Hand Weapons
 k - a +1 dagger of draining (weapon)
 t - a +0 hand crossbow
Armour
 f - a +1 cloak (worn)
 n - a +0 leather armour (worn)
Jewellery
 a - an uncursed amulet of regeneration
 g - an amulet of reflection (around neck)
 i - a +4 ring of evasion (left hand)
 u - an uncursed ring of resist corrosion {unknown}
Scrolls
 b - a scroll of enchant weapon {unknown}
 d - 4 scrolls of teleportation
 e - 4 scrolls of remove curse
 h - a scroll of magic mapping {unknown}
 j - 4 scrolls of identify
 l - a scroll of immolation {unknown}
 o - a scroll of enchant armour
 q - a scroll of fear
 s - a scroll of amnesia {unknown}
Potions
 m - 3 potions of curing
 p - 3 potions of degeneration {unknown}
Comestibles
 c - 6 rations
 r - 3 chunks of flesh


   Skills:
 * Level 8.6 Fighting
 + Level 7.7 Short Blades
 - Level 2.0 Armour
 + Level 6.5 Dodging


You had 7 spell levels left.
You didn't know any spells.
Your spell library was empty.

Dungeon Overview and Level Annotations

Branches:
Dungeon (6/15)
 Temple: D:4-7

Altars:
Elyvilon
Hepliaklqana
Uskayaw
Vehumet
Xom
Yredelemnul
The Shining One

Shops:
D:4 !


Innate Abilities, Weirdness & Mutations

You are small and have problems with some larger weapons.
You are carnivorous and can eat meat at any time.


Message History

You feel yourself moving faster!
You feel mighty!
You feel a lot less full.
The centaur zaps a wand.
The bolt of acid hits you!
You are splashed with acid!
The ogre misses you.
You hit the centaur.
The centaur is severely wounded.
The centaur zaps a wand.
The bolt of acid hits you!
* * * LOW HITPOINT WARNING * * *
The acid corrodes you!
You are splashed with acid!
* * * LOW HITPOINT WARNING * * *
You hit the centaur but do no damage.
The centaur is severely wounded.
You are too berserk!
You are too berserk!
You closely miss the centaur.
The centaur is severely wounded.
The centaur barely misses you.
You hit the centaur but do no damage.
The centaur is severely wounded.
The ogre hits you with a +0 giant club!
You die...

#.(########...##..##.
#.r##....##...##..##.
#.........#.......... .
#.........#..........
..##.........#..........
......##.^..##..####'##.
......##....#######..###
........O..............#
.......c@..............#
.................##...##
.?...........>..######
.......%....([...#
......##....##..##
<..... ########## ......
...... ...


You could see an ogre and a centaur (drained).

Vanquished Creatures
  Sigmund (D:2)
  Eustachio (D:5)
  An ice beast (D:6)
  2 sky beasts (D:5)
  3 ogres
  A phantom (D:5)
  A water moccasin skeleton (D:5)
  A howler monkey (D:5)
  A jelly (D:3)
  A bullfrog skeleton (D:4)
  2 iguanas (D:5)
  Terence (D:2)
  A worker ant (D:4)
  A howler monkey zombie (D:5)
  8 adders
  An ooze (D:3)
  2 worms (D:2)
  A dart slug (D:1)
  6 leopard geckos
  6 orcs (D:3)
  7 giant cockroaches
  A goblin (D:3)
  8 hobgoblins
  10 jackals
  A quokka (D:5)
  3 ball pythons
  7 bats
  7 frilled lizards
  7 kobolds
  9 rats
102 creatures vanquished.

Notes
Turn   | Place    | Note
-------+----------+-------------------------------------------
     0 | D:1      | Bikalo the Kobold Berserker began the quest for the Orb.
     0 | D:1      | Reached XP level 1. HP: 14/14 MP: 1/1
   288 | D:1      | Reached XP level 2. HP: 12/19 MP: 2/2
   845 | D:1      | Reached XP level 3. HP: 23/24 MP: 3/3
  1187 | D:1      | Reached ** piety under Trog
  1500 | D:2      | Found a radiant altar of Vehumet.
  1570 | D:2      | Noticed Terence
  1588 | D:2      | Killed Terence
  1588 | D:2      | Reached skill level 4 in Fighting
  1588 | D:2      | Reached XP level 4. HP: 29/29 MP: 4/4
  1623 | D:2      | You fall into a shaft and drop 1 floor!
  1726 | D:3      | Reached XP level 5. HP: 12/34 MP: 5/5
  2326 | D:2      | Noticed Sigmund
  2561 | D:2      | Killed Sigmund
  2561 | D:2      | Reached skill level 5 in Fighting
  2561 | D:2      | Reached skill level 5 in Short Blades
  2561 | D:2      | Reached XP level 6. HP: 31/41 MP: 6/6
  3244 | D:3      | Found a faded altar of an unknown god.
  3340 | D:3      | Reached *** piety under Trog
  3843 | D:4      | Reached skill level 6 in Fighting
  3943 | D:4      | Reached XP level 7. HP: 46/46 MP: 7/7
  3944 | D:4      | Found a hide-covered altar of Uskayaw.
  3991 | D:4      | Found Baofi's Distillery.
  3994 | D:4      | Bought a potion of curing for 36 gold pieces
  4013 | D:4      | Found a basalt altar of Yredelemnul.
  4013 | D:4      | Found a shimmering altar of Xom.
  4282 | D:4      | Found a white marble altar of Elyvilon.
  4348 | D:4      | Found a glowing golden altar of the Shining One.
  4632 | D:4      | Found a hazy altar of Hepliaklqana.
  4756 | D:5      | Entered Level 5 of the Dungeon
  4784 | D:5      | Reached skill level 5 in Dodging
  4921 | D:5      | Reached skill level 7 in Fighting
  5002 | D:5      | Reached XP level 8. HP: 38/53 MP: 8/8
  5642 | D:5      | Reached skill level 8 in Fighting
  5671 | D:5      | Noticed Eustachio
  5741 | D:5      | Killed Eustachio
  5904 | D:5      | HP: 3/82 [acid (13)]
  5907 | D:5      | Demolished by an ogre

Illustrated notes

Levels and vault maps discovered:
D:1:      minmay_arrival_plants_in_alcoves, layout_rooms, due_unseen_surprise
D:2:      layout_basic, vehumet_crystals, uniq_terence, uniq_sigmund
D:3:      layout_rooms, chequers_ecumenical_altar_grove, first_ration,
          kennysheep_potato
D:4:      layout_basic, kennysheep_little_box, overflow_temple_1_default,
          tso_altar, grunt_temple_overflow_open, serial_shops, shop
D:5:      layout_gridville, uniq_eustachio
D:6:      layout_basic, minmay_temple_entry_junction, gammafunk_ghost_necromancy

Skill      XL: |  1  2  3  4  5  6  7  8 |
---------------+-------------------------+-----
Fighting       | 4 5 6 7 8 |  8.6
Armour         | 2 |  2.0
Dodging        | 3 4 5 6 |  6.5
Short Blades   | 5 6 7 |  7.7

Action                   |  1- 3 |  4- 6 |  7- 9 || total
-------------------------+-------+-------+-------++-------
Melee: Short sword       |   106 |    19 |       ||   125
       Dagger            |       |   176 |   271 ||   447
Invok: Berserk           |     2 |     3 |     4 ||     9
  Use: Scroll            |       |       |     9 ||     9
 Stab: Sleeping          |     1 |       |       ||     1
       Distracted        |       |       |     1 ||     1
  Eat: Chunk             |    11 |    12 |     9 ||    32
Armor: Animal skin       |     3 |       |       ||     3
       Leather armour    |     5 |    29 |    33 ||    67
Dodge: Dodged            |    66 |   163 |   220 ||   449
Block: Other             |       |       |    48 ||    48

Table legend:
 A = Non-vault XP
 B = Vault XP
 C = Vault XP percentage of total XP
 D = Non-vault monster count
 E = Vault monster count
 F = Vault count percentage of total count
                 A         B        C        D         E       F
            +---------+---------+-------+---------+---------+-------
      Total |    1469 |     472 |  24.3 |      99 |       3 |   2.9
            +---------+---------+-------+---------+---------+-------
        D:1 |      46 |       0 |   0.0 |      26 |       0 |   0.0
        D:2 |      57 |     276 |  82.9 |      17 |       2 |  10.5
        D:3 |     117 |       0 |   0.0 |      26 |       0 |   0.0
        D:4 |     124 |       0 |   0.0 |      11 |       0 |   0.0
        D:5 |     871 |     196 |  18.4 |      17 |       1 |   5.6
        D:6 |     254 |       0 |   0.0 |       2 |       0 |   0.0
            +---------+---------+-------+---------+---------+-------
